 Dungeon Crawl Stone Soup version 0.18.1-50-g88ac8fd (webtiles) character file.

22845 mkm the Basher (level 12, -5/115 HPs)
             Began as a Minotaur Berserker on Oct 2, 2016.
             Was a High Priest of Trog.
             Slain by a catoblepas (19 damage)
             ... on level 8 of the Lair of Beasts.
             The game lasted 01:20:22 (14375 turns).

mkm the Basher (Minotaur Berserker)                Turns: 14375, Time: 01:20:23

Health: -5/115     AC: 24    Str: 29    XL:     12   Next: 66%
Magic:  11/11      EV: 14    Int:  6    God:    Trog [*****.]
Gold:   769        SH:  0    Dex: 15    Spells: 0 memorised, 11 levels left

rFire  . . .     SeeInvis .     N - +7 great mace (holy)
rCold  . . .     Gourm    .     P - +6 chain mail "Oriodif" {Dex+3 Stlth+}
rNeg   + . .     Faith    .     (shield currently unavailable)
rPois  .         Spirit   .     (helmet restricted)
rElec  .         Dismiss  .     z - +0 cloak "Gamp" {rN+ Str+4 Int+2}
rCorr  .         Reflect  .     x - +3 pair of gauntlets of War {Slay+5}
SustAt .         Harm     .     (no boots)
MR     .....                    (no amulet)
Stlth  ..........               (no ring)
                                (no ring)

@: not resistant to hostile enchantments, extremely unstealthy
A: retaliatory headbutt, horns 2
a: Berserk, Trog's Hand, Brothers in Arms, Burn Spellbooks, Renounce Religion


You were on level 8 of the Lair of Beasts.
You worshipped Trog.
Trog was extremely pleased with you.
You were not hungry.

You visited 4 branches of the dungeon, and saw 19 of its levels.

You collected 1275 gold pieces.
You spent 506 gold pieces at shops.

Inventory:

Hand Weapons
 g - a +0 dagger of venom
 r - a +2 mace of protection
 s - a +0 shortbow
 N - a +7 great mace of holy wrath (weapon)
 Q - a +2 broad axe of holy wrath
Armour
 x - the +3 pair of gauntlets of War (worn) {Slay+5}
   (You found it on level 4 of the Dungeon)

   It affects your accuracy and damage with ranged weapons and melee attacks
   (+5).
 z - the +0 cloak "Gamp" (worn) {rN+ Str+4 Int+2}
   (You found it on level 4 of the Dungeon)

   It affects your strength (+4).
   It affects your intelligence (+2).
   It protects you from negative energy.
 E - the +3 robe of Ifile {Str+3 SInv}
   (You found it on level 7 of the Dungeon)

   It affects your strength (+3).
   It lets you see invisible.
 P - the +6 chain mail "Oriodif" (worn) {Dex+3 Stlth+}
   (You bought it in a shop on level 10 of the Dungeon)

   It affects your dexterity (+3).
   It makes you more stealthy.
Jewellery
 y - an uncursed ring of positive energy {unknown}
 B - a +4 ring of evasion {unknown}
 I - an uncursed ring of resist corrosion {unknown}
 L - an uncursed ring of ice {unknown}
 R - a +3 amulet of reflection {unknown}
 U - an uncursed ring of magical power {unknown}
Wands
 a - a wand of disintegration (3/24)
 q - a wand of heal wounds (5/9)
 v - a wand of paralysis (9/24)
 C - a wand of flame (24/48)
 G - a wand of teleportation (4/9)
 H - a wand of disintegration (21/24)
 S - a wand of slowing (34/48)
 V - a wand of random effects (21/48)
Scrolls
 b - 5 scrolls of amnesia
 d - a scroll of recharging
 l - 5 scrolls of remove curse
 o - 3 scrolls of teleportation
 w - a scroll of magic mapping
 D - a scroll of fear
 F - 2 scrolls of noise
 K - 2 scrolls of random uselessness
Potions
 e - 3 potions of brilliance
 f - a potion of resistance
 h - 6 potions of curing
 i - 9 potions of degeneration
 j - 5 potions of might
 m - 4 potions of flight
 n - 2 potions of haste {unknown}
 p - a potion of mutation
 u - a potion of cancellation
 J - 2 potions of berserk rage
 O - 2 potions of invisibility
 T - a potion of lignification {unknown}
 X - 2 potions of magic {unknown}
Comestibles
 c - a bread ration
 k - 3 slices of pizza
 t - 3 royal jellies
 A - 5 meat rations
 M - 4 beef jerkies
 W - 8 fruits


   Skills:
 + Level 13.0 Fighting
 + Level 5.2(10.5) Axes
 + Level 13.8(14.1) Maces & Flails
 + Level 12.5 Armour
 + Level 9.3 Dodging
 + Level 3.3 Stealth
 + Level 0.3 Evocations


You had 11 spell levels left.
You didn't know any spells.

Dungeon Overview and Level Annotations

Branches:
Dungeon (11/15)            Temple (1/1) D:5            Lair (8/8) D:11
  Slime (0/6) Lair:8          Orc (2/2) D:10
  Swamp: Lair:3-6    Shoals: Lair:3-6     Snake: Lair:3-6    Spider: Lair:3-6
    Elf: Orc:2

Altars:
Ashenzari
Cheibriados
Dithmenos
Elyvilon
Fedhas
Gozag
Kikubaaqudgha
Makhleb
Nemelex Xobeh
Okawaru
Pakellas
Qazlal
Ru
Sif Muna
Vehumet
Xom
Yredelemnul
Zin
The Shining One

Shops:
D:6 (   D:10 [   Orc:2 %

Annotations:
D:9 exclusion: statue
Lair:1 exclusion: oklob plant


Innate Abilities, Weirdness & Mutations

You reflexively headbutt those who attack you in melee.
You have a pair of horns on your head.


Message History

The catoblepas breathes in.
You see here a scroll of blinking.
You sock the catoblepas! You headbutt the catoblepas.
The catoblepas is moderately wounded.
The catoblepas gores you but does no damage.
You hit the catoblepas.
The catoblepas is moderately wounded.
The catoblepas breathes a plume of calcifying dust at you.
The blast of calcifying dust hits you! The catoblepas gores you!!
The catoblepas gores you!!
Found a bread ration and a scroll labeled JOD TUZOUVOI.
You sock the catoblepas!
The catoblepas is moderately wounded.
The catoblepas gores you!!
* * * LOW HITPOINT WARNING * * *
You bludgeon the catoblepas!!
The catoblepas is severely wounded.
The catoblepas gores you!!
You die...

.........††..........
........†.†..........
...................##
......P......>.#....#
........P..........## .
........P.........#.##..
......#...............P.
..........§§§§§§Y.......
........P....)..@.....PP
.......PP......?......PP
......P.................
#.#.#.#.#.#.#.#.#.......
.......................%
#.#.#.#.#.#.#<#.#......?
....................#.#.
#.#.#.#.#.#.#.#.#...###
......†..............


You could see a catoblepas.

Vanquished Creatures
  An orc warlord (Orc:1)
  A stone giant (Orc:2)
  5 death yaks (Lair:8)
  An orc high priest (Orc:2)
  Urug (Lair:1)
  Pikel (D:7)
  2 hill giants
  4 orc sorcerers (Orc:2)
  3 black mambas
  A spiny frog (Lair:1)
  2 komodo dragons
  A freezing wraith (D:9)
  4 trolls
  The ghost of thewizardguy the Magician, an amateur HEWz of Qazlal (D:4)
  A shadow (D:11)
  7 yaks
  A hog (shapeshifter) (D:9)
  A hungry ghost (D:9)
  A hippogriff (D:7)
  3 water moccasins
  Duvessa (D:7)
  18 orc warriors
  An ice beast (D:7)
  3 phantoms
  3 slaves (D:7)
  A swamp drake (D:10)
  A sky beast (D:6)
  12 ogres
  An eye of draining (D:9)
  5 wolves
  4 centaurs
  A crocodile (Lair:8)
  3 big kobolds
  3 giant frogs
  A gnoll sergeant (D:9)
  2 scorpions
  Dowan (D:7)
  5 killer bees (D:9)
  3 crimson imps
  A centaur zombie (D:9)
  A jelly (D:9)
  A giant frog zombie (D:6)
  A giant frog skeleton (D:7)
  12 orc priests
  A gnoll shaman (D:9)
  7 hounds
  23 orc wizards
  2 centaur skeletons
  4 iguanas
  5 worker ants
  A hound skeleton (D:4)
  A howler monkey skeleton (D:7)
  16 adders
  10 gnolls
  15 river rats
  3 shadow imps
  An ooze (D:2)
  A worm (D:2)
  3 dart slugs
  4 giant geckos
  58 orcs
  7 bats
  5 giant cockroaches
  5 goblins
  13 hobgoblins
  11 jackals
  2 quokkas
  2 ball pythons
  2 giant newts
  A jackal skeleton (D:9)
  21 kobolds
  2 quokka skeletons
  4 rats
  A plant (Lair:1)
358 creatures vanquished.

Vanquished Creatures (collateral kills)
  4 death yaks (Lair:8)
  2 yaks (Lair:8)
  2 orc warriors (Orc:1)
  An ogre (Orc:2)
  2 orc priests (Orc:2)
  5 orcs (Orc:1)
  A jackal (D:8)
  2 kobolds (D:8)
19 creatures vanquished.

Vanquished Creatures (others)
  A hobgoblin (D:2)
  A plant (Lair:1)
2 creatures vanquished.

Grand Total: 379 creatures vanquished

Notes
Turn   | Place    | Note
--------------------------------------------------------------
     0 | D:1      | mkm the Minotaur Berserker began the quest for the Orb.
     0 | D:1      | Reached XP level 1. HP: 19/19 MP: 0/0
   188 | D:1      | Reached XP level 2. HP: 27/27 MP: 1/1
   637 | D:2      | Found a stormy altar of Qazlal.
   684 | D:2      | Found a snail-covered altar of Cheibriados.
   819 | D:2      | Reached XP level 3. HP: 12/34 MP: 2/2
  1109 | D:2      | Reached ** piety under Trog
  1234 | D:2      | Reached XP level 4. HP: 32/41 MP: 3/3
  1795 | D:3      | Reached skill level 5 in Fighting
  1910 | D:3      | Reached XP level 5. HP: 43/48 MP: 4/4
  2636 | D:4      | Reached *** piety under Trog
  2924 | D:4      | Noticed an ogre
  2937 | D:4      | Killed an ogre
  2937 | D:4      | Reached XP level 6. HP: 56/56 MP: 5/5
  2997 | D:4      | Reached skill level 1 in Stealth
  3014 | D:4      | Reached skill level 1 in Maces & Flails
  3368 | D:4      | Found a shadowy altar of Dithmenos.
  3368 | D:4      | Found a burning altar of Makhleb.
  3370 | D:4      | Found a shattered altar of Ashenzari.
  3560 | D:4      | Reached skill level 5 in Axes
  3565 | D:4      | Got a faintly glowing cloak
  3677 | D:4      | Reached skill level 5 in Armour
  3677 | D:4      | Reached XP level 7. HP: 57/61 MP: 6/6
  3772 | D:4      | Identified the +0 cloak "Gamp" {rN+ Str+4 Int+2} (You found it on level 4 of the Dungeon)
  3839 | D:4      | Found an ancient bone altar of Kikubaaqudgha.
  4005 | D:4      | Found an iron altar of Okawaru.
  4012 | D:4      | Found a glowing golden altar of the Shining One.
  4063 | D:4      | Noticed thewizardguy's ghost (amateur HEWz)
  4076 | D:4      | Killed thewizardguy's ghost
  4167 | D:4      | Found a white marble altar of Elyvilon.
  4371 | D:4      | Found a basalt altar of Yredelemnul.
  4573 | D:5      | Entered Level 5 of the Dungeon
  4684 | D:5      | Reached skill level 5 in Dodging
  4851 | D:5      | Found a staircase to the Ecumenical Temple.
  4885 | Temple   | Entered the Ecumenical Temple
  5072 | D:5      | You fall through a shaft!
  5120 | D:6      | Found Musemp's Weapon Boutique.
  5385 | D:6      | Reached XP level 8. HP: 69/71 MP: 7/7
  5386 | D:6      | Reached **** piety under Trog
  5654 | D:6      | Found a snail-covered altar of Cheibriados.
  6633 | D:7      | Got a faintly humming robe
  6644 | D:7      | Identified the +3 robe of Ifile {Str+3 SInv} (You found it on level 7 of the Dungeon)
  6717 | D:7      | Noticed Dowan
  6721 | D:7      | Killed Dowan
  6753 | D:7      | Reached skill level 5 in Maces & Flails
  6768 | D:7      | Noticed Duvessa
  6778 | D:7      | Killed Duvessa
  7109 | D:7      | Noticed Pikel
  7116 | D:7      | Reached XP level 9. HP: 79/79 MP: 8/8
  7126 | D:7      | Killed Pikel
  7497 | D:8      | Noticed a hill giant
  7503 | D:8      | Killed a hill giant
  8773 | D:9      | Found a radiant altar of Vehumet.
  8779 | D:9      | Reached ***** piety under Trog
  8864 | D:9      | Reached XP level 10. HP: 71/91 MP: 9/9
  8999 | D:9      | Received a gift from Trog
  9617 | D:9      | Reached skill level 10 in Fighting
  9826 | D:10     | Entered Level 10 of the Dungeon
  9906 | D:10     | Noticed a hill giant
  9920 | D:10     | Killed a hill giant
  9920 | D:10     | Reached skill level 10 in Armour
 10305 | D:10     | Reached skill level 10 in Maces & Flails
 10330 | D:10     | Found Zaaleh's Armour Boutique.
 10352 | D:10     | Bought the +6 chain mail "Oriodif" {Dex+3 Stlth+} for 506 gold pieces
 10785 | D:10     | Found a staircase to the Orcish Mines.
 10810 | Orc:1    | Entered Level 1 of the Orcish Mines
 11071 | Orc:1    | Reached XP level 11. HP: 94/101 MP: 10/10
 11105 | Orc:1    | Noticed an orc warlord
 11115 | Orc:1    | Killed an orc warlord
 11385 | Orc:2    | Entered Level 2 of the Orcish Mines
 11688 | Orc:2    | Noticed an orc sorcerer
 11698 | Orc:2    | Killed an orc sorcerer
 11774 | Orc:2    | Found Amas's Food Boutique.
 11848 | Orc:2    | Received a gift from Trog
 11861 | Orc:2    | Noticed an orc sorcerer
 11866 | Orc:2    | Killed an orc sorcerer
 11893 | Orc:2    | Noticed an orc sorcerer
 11893 | Orc:2    | Noticed an orc high priest
 11902 | Orc:2    | Noticed a soul eater
 11993 | Orc:2    | Killed an orc sorcerer
 12235 | Orc:2    | Noticed an orc sorcerer
 12237 | Orc:2    | Noticed a sun demon
 12253 | Orc:2    | Killed an orc sorcerer
 12589 | Orc:2    | Noticed a sun demon
 12589 | Orc:2    | Killed an orc high priest
 12600 | Orc:2    | Noticed a stone giant
 12615 | Orc:2    | Killed a stone giant
 12636 | Orc:1    | Noticed an orc sorcerer
 12638 | Orc:1    | Noticed an orc knight
 13172 | D:11     | Found a staircase to the Lair.
 13186 | Lair:1   | Entered Level 1 of the Lair of Beasts
 13506 | Lair:1   | Noticed an oklob plant
 13672 | Lair:1   | Noticed Urug
 13680 | Lair:1   | Killed Urug
 13680 | Lair:1   | Reached XP level 12. HP: 109/112 MP: 11/11
 13925 | Lair:2   | You fall through a shaft for 2 floors!
 14126 | Lair:4   | You fall through a shaft for 3 floors!
 14170 | Lair:8   | Entered Level 8 of the Lair of Beasts
 14196 | Lair:8   | Received a gift from Trog
 14265 | Lair:8   | Found a staircase to the Slime Pits.
 14273 | Lair:8   | Noticed a death yak
 14278 | Lair:8   | Noticed a death yak
 14278 | Lair:8   | Noticed a death yak
 14279 | Lair:8   | Noticed a death yak
 14280 | Lair:8   | Noticed a death yak
 14280 | Lair:8   | Noticed a death yak
 14281 | Lair:8   | Noticed a death yak
 14283 | Lair:8   | Noticed a death yak
 14285 | Lair:8   | Noticed a death yak
 14285 | Lair:8   | Killed a death yak
 14287 | Lair:8   | Killed a death yak
 14290 | Lair:8   | Killed a death yak
 14293 | Lair:8   | Killed a death yak
 14295 | Lair:8   | Killed a death yak
 14296 | Lair:8   | Killed a death yak
 14299 | Lair:8   | Killed a death yak
 14303 | Lair:8   | Killed a death yak
 14304 | Lair:8   | Killed a death yak
 14365 | Lair:8   | Noticed a catoblepas
 14375 | Lair:8   | Slain by a catoblepas

Skill      XL: |  1  2  3  4  5  6  7  8  9 10 11 12 |
---------------+-------------------------------------+-----
Fighting       | 4 5 6 7 9 10 11 13 | 13.0
Axes           | 4 5 |  5.2
Dodging        | 3 4 5 6 7 8 9 |  9.3
Armour         | 3 4 5 6 7 9 10 11 12 | 12.5
Stealth        | 1 2 3 |  3.3
Maces & Flails | 1 3 5 8 10 12 13 | 13.8
Evocations     | |  0.3

Action                   |  1- 3 |  4- 6 |  7- 9 | 10-12 || total
-------------------------+-------+-------+-------+-------++-------
Melee: Hand axe          |    88 |    55 |       |       ||   143
       Headbutt          |     6 |    19 |    56 |    84 ||   165
       Mace              |       |    52 |   216 |    16 ||   284
       Great mace        |       |       |       |   313 ||   313
Invok: Berserk           |       |     2 |     1 |     1 ||     4
       Burn Spellbooks   |       |       |     2 |     1 ||     3
       Brothers in Arms  |       |       |     1 |     3 ||     4
Evoke: Wand              |       |       |       |     1 ||     1
  Use: Scroll            |       |    13 |     9 |     8 ||    30
 Stab: Paralysed         |       |       |       |     2 ||     2
  Eat: Chunk             |     1 |     4 |     1 |       ||     6
       Fruit             |       |     6 |     3 |       ||     9
       Bread ration      |       |       |     3 |     4 ||     7
       Beef jerky        |       |       |     3 |       ||     3
Armor: Animal skin       |    24 |       |       |       ||    24
       Leather armour    |     4 |       |       |       ||     4
       Scale mail        |    12 |    51 |    76 |       ||   139
       Plate armour      |       |       |    80 |    89 ||   169
       Chain mail        |       |       |       |   133 ||   133
Dodge: Dodged            |    56 |    73 |   152 |   269 ||   550
